 Dungeon Sprint DCSS version 0.29-a0-356-g7bc237e783 (webtiles) character file.

Game seed: 10331800458341557527

65200 Zeldest the Shatterer (level 14, -8/156 HPs)
             Began as a Deep Dwarf Fighter on Apr 25, 2022.
             Was the Champion of Jiyva.
             Mangled by a nagaraja
             ... wielding a +2 vorpal flail
              (10 damage)
             ... in the Dungeon (Sprint IX: "|||||||||||||||||||||||||||||").
             The game lasted 00:15:40 (2459 turns).

Zeldest the Shatterer (Deep Dwarf Fighter)          Turns: 2459, Time: 00:15:40

Health: -8/156     AC: 28    Str: 24    XL:     14   Next: 74%
Magic:  10/10      EV: 13    Int: 10    God:    Jiyva [******]
Gold:   882        SH:  0    Dex: 14    Spells: 13/13 levels left

rFire   + + +      SeeInvis .   R - +4 executioner's axe (freeze)
rCold   + . .      Faith    .   (shield currently unavailable)
rNeg    + . .      Spirit   .   S - +5 plate armour {rF+}
rPois   +          Reflect  .   (no helmet)
rElec   +          Harm     .   J - +1 cloak
rCorr   +          Rampage  +   v - +1 pair of gloves
Will    +++..      NoTele   +   I - +1 pair of boots {rampage}
Stlth   ..........              (no amulet)
HPRegen 1.60/turn               s - ring "Kelatzix" {rElec rC+ Will+}
MPRegen 0.62/turn               C - ring of poison resistance

@: slowed, constricted, very slow
A: damage resistance, heal wounds, negative energy resistance 1, sense
surroundings 2, no regeneration, thin skeletal structure 1, fire resistance 3,
pseudopods 2, tendrils
a: Heal Wounds, Renounce Religion, Oozemancy, Slimify


You were in the Dungeon.
You worshipped Jiyva.
Jiyva was exalted by your worship.
You visited 1 branch You collected 1915 gold pieces.
You spent 1033 gold pieces at shops.

Inventory:

Hand Weapons
 R - a +4 executioner's axe of freezing (weapon)
Armour
 b - a +0 scale mail
 m - a +0 pair of gloves
 n - a +0 pair of boots
 o - a +1 chain mail of poison resistance
 v - a +1 pair of gloves (worn)
 x - a +0 cloak
 y - a +0 helmet
 B - a +4 plate armour of positive energy
 G - a +1 helmet
 H - a +1 pair of boots
 I - a +1 pair of boots of rampaging (worn)
 J - a +1 cloak (worn)
 S - a +5 plate armour of fire resistance (worn)
Jewellery
 p - a +3 ring of dexterity
 q - a +3 ring of strength
 s - the ring "Kelatzix" (left hand) {rElec rC+ Will+}
   (You found it in the Dungeon)

   [ring of willpower]

   rC:        It protects you from cold.
   rElec:     It insulates you from electricity.
   Will:      It increases your willpower.
 C - a ring of poison resistance (right hand)
 D - a ring of willpower
 E - a ring of see invisible
 O - a +4 ring of protection
 P - a +4 ring of protection
 Q - a ring of magical power
Wands
 l - a wand of acid (3)
 M - a wand of paralysis (1)
 N - a wand of flame (20)
Scrolls
 j - 4 scrolls of blinking
 k - 2 scrolls of amnesia
 r - 2 scrolls of vulnerability
 t - 3 scrolls of fear
 u - 6 scrolls of fog
 z - a scroll of silence
 L - 4 scrolls of enchant armour
Potions
 d - a potion of resistance
 e - 6 potions of curing
 f - 5 potions of heal wounds
 g - 5 potions of haste
 h - 4 potions of magic
 i - a potion of berserk rage
 w - a potion of flight
 A - a potion of lignification
 K - a potion of might


   Skills:
 + Level 18.0 Fighting
 * Level 6.4(16.7) Axes
 - Level 21.7(22.0) Maces & Flails
 + Level 21.1 Armour
 + Level 20.8 Dodging
 - Level 3.2 Shields
 + Level 20.2 Evocations


You had 13 spell levels left.
You didn't know any spells.
Your spell library was empty.

Dungeon Overview and Level Annotations

Branches:
Dungeon (1/1)

Altars:
Cheibriados
Dithmenos
Elyvilon
Fedhas
Gozag
Hepliaklqana
Kikubaaqudgha
Makhleb
Nemelex Xobeh
Okawaru
Qazlal
Ru
Sif Muna
Trog
Uskayaw
Vehumet
Wu Jian
Xom
Yredelemnul
Zin
The Shining One
Beogh
Jiyva
Lugonu

Shops:
D [?[*


Innate Abilities, Weirdness & Mutations

You are resistant to damage.
You can heal yourself by infusing magical energy.
You resist negative energy. (rN+)
You passively map the area around you.
You do not regenerate.
You have a somewhat thin skeletal structure. (Dex +2, Stealth+)
Your flesh is almost immune to the effects of heat. (rF+++)
Armour fits poorly on your large pseudopods.
You are covered in slimy tendrils that may disarm your opponents.


Message History

The naga mage misses you.
You slice the naga warrior!! You freeze the naga warrior.
You kill the naga warrior!
You are no longer firmly anchored in space.
The naga warrior no longer looks unusually strong.
The naga mage no longer looks unusually strong.
The naga no longer looks unusually strong.
You feel better.
The naga warrior roars a battlecry!
The nagas go into a battle-frenzy!
The naga mage gestures at the nagaraja while chanting.
The nagaraja seems to grow toxic.
You hear a shout!
You feel much better. The nagaraja spits poison at you.
The splash of poison hits you but does no damage.
You feel much better.
The naga mage gestures wildly while chanting.
The naga mage seems to speed up.
You slice the nagaraja!! You freeze the nagaraja!
The nagaraja is heavily wounded.
The nagaraja no longer looks unusually strong.
The nagaraja spits poison at you. The splash of poison hits you.
You have difficulty breathing.
You feel yourself slow down.
The nagaraja hits you with a +2 vorpal flail!
The nagaraja grabs you. The nagaraja constricts you.
You slash the nagaraja! You freeze the nagaraja.
The nagaraja is severely wounded.
The naga mage hits you from afar with a +0 halberd.
The nagaraja hits you with a +2 vorpal flail.
The nagaraja constricts you.
The naga warrior roars a battlecry!
The nagaraja goes into a battle-frenzy!
The nagaraja hits you with a +2 vorpal flail!!
* * * LOW HITPOINT WARNING * * *
The nagaraja constricts you.
The nagaraja hits you with a +2 vorpal flail!!
* * * LOW HITPOINT WARNING * * *
You die... ,, ,, , , ,,, , * * * * , ,, ,, , , , * * * **** * * ,, * * * ** * , , , { , , , * * * *▓▓▓▓▓▓▓▓▓▓▓▓▓▓▓▓▓▓▓▓ {{{{{{

{{N.NNNNN@[))).......▓
▓▓▓▓▓▓▓▓▓▓▓▓▓▓▓▓▓▓▓▓▓▓▓▓▓▓▓.▓
............................▓
▓▓▓▓▓▓▓▓▓▓▓▓▓▓▓▓▓▓▓▓▓▓▓▓▓▓▓▓▓
....)......".=.'............▓
▓▓▓▓▓▓▓▓▓▓▓▓▓▓▓▓▓▓▓▓▓▓▓▓▓▓▓J▓
............................▓
▓▓▓▓▓▓▓▓▓▓▓▓▓▓▓▓▓▓▓▓▓▓▓▓▓▓▓▓▓
...JJ)[[(†'{................▓


You could see 2 nagarajas, a naga warrior (curare), 2 naga magi and a naga
(strong, curare).

Vanquished Creatures
  Jory (D)
  Gastronok (D)
  A tengu reaver (D)
  A fenstrider witch (D)
  3 nagarajas (D)
  A frost giant (D)
  A vault warden (D)
  2 ironbound preservers (D)
  2 very ugly things (D)
  3 stone giants (D)
  2 ironbound thunderhulks (D)
  An eleionoma (D)
  A bunyip (D)
  2 entropy weavers (D)
  2 merfolk impalers (D)
  A shambling mangrove (D)
  2 fire dragons (D)
  A merfolk javelineer (D)
  2 yaktaur captains (D)
  Josephine (D)
  An ice dragon (D)
  A boulder beetle (D)
  An anaconda (D)
  2 naga warriors (D)
  5 ogre magi (D)
  A death knight (D)
  2 alligators (D)
  2 two-headed ogres (D)
  2 centaur warriors (D)
  4 deep troll shamans (D)
  A vampire mage (D)
  2 tengu warriors (D)
  A spriggan (D)
  2 naga sharpshooters (D)
  A spriggan berserker (D)
  A skeletal warrior (D)
  A spriggan druid (D)
  A swamp dragon (D)
  A bog body (D)
  A wizard (D)
  A naga ritualist (D)
  2 orc knights (D)
  An ironbound convoker (D)
  A harpy (shapeshifter) (D)
  A deep elf pyromancer (D)
  A manticore (D)
  2 necromancers (D)
  2 wolf spiders (D)
  3 ugly things (D)
  4 cyclopes (D)
  An elephant (D)
  A water nymph (D)
  3 vault sentinels (D)
  7 black mambas (D)
  2 cane toads (D)
  A rime drake (D)
  An unseen horror (D)
  A komodo dragon (D)
  2 polar bears (D)
  A wind drake (D)
  3 hornets (D)
  A blink frog (D)
  2 tarantellas (D)
  A snapping turtle (D)
  A jumping spider (D)
  A shadow (D)
  A culicivora (D)
  5 wraiths (D)
  A water elemental (D)
  2 wyverns (D)
  A redback (D)
  A basilisk (D)
  3 vampire mosquitoes (D)
  3 wargs (D)
  2 hell hounds (D)
  4 water moccasins (D)
  10 orc warriors (D)
  A black bear (D)
  3 wolves (D)
  2 centaurs (D)
  7 ogres (D)
  A gnoll sergeant (D)
  A bullfrog (D)
  A hound (D)
  A gnoll shaman (D)
  4 orc priests (D)
  4 orc wizards (D)
  An adder (D)
  6 orcs (D)
  A goblin (D)
  A hobgoblin (D)
  A quokka (D)
  2 frilled lizards (D)
181 creatures vanquished.

Vanquished Creatures (collateral kills)
  2 fire giants (D)
  A necromancer (D)
3 creatures vanquished.

Vanquished Creatures (others)
  An azure jelly (D)
  2 ironbound thunderhulks (D)
  A great orb of eyes (D)
  A yaktaur captain (D)
  A moth of wrath (D)
  2 vault sentinels (D)
  A freezing wraith (D)
  A queen bee (shapeshifter) (D)
  4 slime creatures (D)
  27 jellies (D)
41 creatures vanquished.

Grand Total: 225 creatures vanquished

Notes
Turn   | Place    | Note
-------+----------+-------------------------------------------
     0 | D        | Zeldest the Deep Dwarf Fighter began the quest for the Orb.
     0 | D        | Reached XP level 1. HP: 20/20 MP: 1/1
    21 | D        | Reached skill level 1 in Dodging
    31 | D        | Noticed a gnoll sergeant
    31 | D        | Noticed an ogre
    31 | D        | Noticed a gnoll shaman
    31 | D        | Noticed a hound
    35 | D        | Reached XP level 2. HP: 22/28 MP: 2/2
    43 | D        | Reached XP level 3. HP: 28/36 MP: 3/3
    45 | D        | Reached skill level 5 in Maces & Flails
    45 | D        | Reached skill level 5 in Armour
    45 | D        | Reached XP level 4. HP: 35/44 MP: 4/4
    47 | D        | Killed an ogre
    48 | D        | Reached skill level 5 in Fighting
    48 | D        | Reached XP level 5. HP: 35/52 MP: 5/5
    53 | D        | Reached skill level 5 in Dodging
    58 | D        | Found a snail-covered altar of Cheibriados.
    58 | D        | Found a shadowy altar of Dithmenos.
    58 | D        | Found a white marble altar of Elyvilon.
    58 | D        | Found a blossoming altar of Fedhas.
    58 | D        | Found an opulent altar of Gozag.
    59 | D        | Found a hazy altar of Hepliaklqana.
    60 | D        | Found a viscous altar of Jiyva.
    61 | D        | Found an ancient bone altar of Kikubaaqudgha.
    62 | D        | Found a corrupted altar of Lugonu.
    63 | D        | Found a burning altar of Makhleb.
    64 | D        | Found a sparkling altar of Nemelex Xobeh.
    65 | D        | Found an iron altar of Okawaru.
    66 | D        | Found a stormy altar of Qazlal.
    67 | D        | Found a sacrificial altar of Ru.
    68 | D        | Became a worshipper of Jiyva Jeuff the Shapeless
    70 | D        | Found a shimmering blue altar of Sif Muna.
    70 | D        | Killed a vault sentinel
    70 | D        | Killed a vault sentinel
    71 | D        | Found a bloodstained altar of Trog.
    71 | D        | Killed a slime creature
    71 | D        | Killed a slime creature
    72 | D        | Found a hide-covered altar of Uskayaw.
    73 | D        | Found a radiant altar of Vehumet.
    73 | D        | Killed an ironbound thunderhulk
    74 | D        | Found an ornate altar of the Wu Jian Council.
    74 | D        | Killed a yaktaur captain
    75 | D        | Found a shimmering altar of Xom.
    76 | D        | Found a basalt altar of Yredelemnul.
    76 | D        | Killed a slime creature
    77 | D        | Found a glowing silver altar of Zin.
    77 | D        | Killed a freezing wraith
    78 | D        | Found a glowing golden altar of the Shining One.
    79 | D        | Killed a queen bee
    81 | D        | Killed a slime creature
    83 | D        | Killed an ironbound thunderhulk
    85 | D        | Killed a great orb of eyes
   132 | D        | Reached * piety under Jiyva
   132 | D        | Noticed a centaur
   132 | D        | Noticed an orc warrior
   132 | D        | Noticed a wyvern
   132 | D        | Noticed a vampire mosquito
   132 | D        | Noticed a centaur
   137 | D        | Killed a centaur
   138 | D        | Reached XP level 6. HP: 59/62 MP: 6/6
   144 | D        | Killed a vampire mosquito
   156 | D        | Killed an unseen horror
   157 | D        | Reached skill level 10 in Maces & Flails
   157 | D        | Reached XP level 7. HP: 64/72 MP: 7/7
   160 | D        | Killed a wyvern
   173 | D        | Noticed a vampire mosquito
   173 | D        | Noticed a cyclops
   173 | D        | Noticed a vampire mosquito
   173 | D        | Noticed a shadow
   173 | D        | Noticed a skeletal warrior
   173 | D        | Noticed a centaur warrior
   181 | D        | Killed a centaur warrior
   182 | D        | Reached skill level 10 in Armour
   182 | D        | Reached XP level 8. HP: 74/82 MP: 8/8
   194 | D        | Killed a skeletal warrior
   195 | D        | Reached skill level 10 in Dodging
   195 | D        | Gained mutation: You passively map the area around you.
                  | [Deep Dwarf growth]
   195 | D        | Reached XP level 9. HP: 75/91 MP: 9/9
   202 | D        | Killed a cyclops
   274 | D        | Reached ** piety under Jiyva
   309 | D        | Got the ring "Kelatzix" {rElec rC+ Will+}
   323 | D        | Noticed a black mamba
   338 | D        | Noticed a rime drake
   340 | D        | Noticed a polar bear
   344 | D        | Killed a black mamba
   345 | D        | Reached skill level 10 in Fighting
   360 | D        | Killed a rime drake
   361 | D        | Reached skill level 15 in Maces & Flails
   361 | D        | Reached XP level 10. HP: 88/102 MP: 10/10
   373 | D        | Noticed an elephant
   373 | D        | Noticed a black mamba
   373 | D        | Noticed a cane toad
   376 | D        | Killed a cane toad
   382 | D        | Killed a black mamba
   387 | D        | Noticed a cane toad
   389 | D        | Killed an elephant
   423 | D        | Killed a cane toad
   441 | D        | Reached skill level 1 in Evocations
   527 | D        | Reached *** piety under Jiyva
   673 | D        | Noticed an orc knight
   676 | D        | Noticed an orc knight
   688 | D        | Killed an orc knight
   689 | D        | Reached XP level 11. HP: 105/112 MP: 11/11
   710 | D        | Killed an orc knight
   711 | D        | Reached skill level 5 in Evocations
   767 | D        | Found Noj Doseshra's Assorted Antiques.
   767 | D        | Noticed an ogre mage
   767 | D        | Noticed an ogre mage
   767 | D        | Noticed an ogre mage
   767 | D        | Noticed an ogre mage
   767 | D        | Noticed a two-headed ogre
   774 | D        | Killed an ogre mage
   777 | D        | Noticed an ogre mage
   779 | D        | Found Efautam's Antique Armour Shop.
   785 | D        | Killed an ogre mage
   797 | D        | Killed an ogre mage
   803 | D        | Killed an ogre mage
   809 | D        | Killed a two-headed ogre
   810 | D        | Found Urozi's Magic Scroll Boutique.
   813 | D        | Killed an ogre mage
   816 | D        | Found Wykhewu's Armour Shop.
   818 | D        | Noticed a two-headed ogre
   820 | D        | Reached **** piety under Jiyva
   820 | D        | Gained mutation: You have a small jelly attached to you
                  | that may absorb projectiles. [Jiyva's grace]
   820 | D        | Gained mutation: Armour fits poorly on your pseudopods.
                  | [Jiyva's grace]
   820 | D        | Gained mutation: Armour fits poorly on your large
                  | pseudopods. [Jiyva's grace]
   820 | D        | Gained mutation: Armour fits poorly on your massive
                  | pseudopods. [Jiyva's grace]
   837 | D        | Killed a two-headed ogre
   838 | D        | Reached skill level 15 in Armour
   871 | D        | Bought a scroll labelled BEGEOSTRYDE for 17 gold pieces
   880 | D        | Bought a scroll of blinking for 82 gold pieces
   880 | D        | Bought a scroll of silence for 82 gold pieces
   904 | D        | Bought a coppery potion for 15 gold pieces
   911 | D        | Bought a pair of runed gloves for 187 gold pieces
   911 | D        | Bought a glowing plate armour for 650 gold pieces
   983 | D        | Noticed Josephine
   995 | D        | Killed Josephine
   996 | D        | Reached skill level 15 in Dodging
   996 | D        | Reached skill level 10 in Evocations
  1139 | D        | Noticed a white ugly thing
  1139 | D        | Noticed a death knight
  1139 | D        | Noticed a boulder beetle
  1139 | D        | Noticed a harpy
  1143 | D        | Killed a harpy
  1144 | D        | Reached XP level 12. HP: 108/126 MP: 12/12
  1144 | D        | Noticed a centaur warrior
  1154 | D        | Noticed a tengu warrior
  1155 | D        | Killed a boulder beetle
  1165 | D        | Killed a death knight
  1166 | D        | Noticed a tengu reaver
  1180 | D        | Noticed a stone giant
  1182 | D        | Reached ***** piety under Jiyva
  1194 | D        | Killed a tengu reaver
  1207 | D        | Killed a stone giant
  1210 | D        | Killed a centaur warrior
  1226 | D        | Killed a tengu warrior
  1230 | D        | Noticed a fire giant
  1256 | D        | Killed a fire giant
  1391 | D        | Noticed an anaconda
  1432 | D        | Killed an anaconda
  1452 | D        | Reached XP level 13. HP: 65/136 MP: 13/13
  1469 | D        | Noticed a merfolk impaler
  1469 | D        | Noticed a merfolk javelineer
  1469 | D        | Noticed a merfolk impaler
  1488 | D        | Killed a merfolk javelineer
  1492 | D        | Killed a merfolk impaler
  1493 | D        | Reached skill level 15 in Fighting
  1508 | D        | Killed a merfolk impaler
  1517 | D        | Reached skill level 15 in Evocations
  1528 | D        | Noticed an entropy weaver
  1528 | D        | Noticed an entropy weaver
  1533 | D        | Killed an entropy weaver
  1559 | D        | Killed an entropy weaver
  1587 | D        | Noticed a fenstrider witch
  1587 | D        | Noticed a bunyip
  1608 | D        | Noticed an eleionoma
  1622 | D        | Killed a bunyip
  1628 | D        | Killed a fenstrider witch
  1636 | D        | Killed an eleionoma
  1689 | D        | Noticed Gastronok
  1701 | D        | Killed Gastronok
  1707 | D        | Lost mutation: Armour fits poorly on your massive
                  | pseudopods. [Jiyva's grace]
  1707 | D        | Gained mutation: You have a pair of small antennae on your
                  | head. [Jiyva's grace]
  1707 | D        | Gained mutation: You have a pair of antennae on your head.
                  | [Jiyva's grace]
  1707 | D        | Gained mutation: You have a pair of large antennae on your
                  | head. (SInv) [Jiyva's grace]
  1707 | D        | Gained mutation: Your spells are a little harder to cast,
                  | but a little more powerful. [Jiyva's grace]
  1789 | D        | Noticed a stone giant
  1789 | D        | Noticed a fire dragon
  1789 | D        | Noticed a lich
  1789 | D        | Noticed a fire dragon
  1791 | D        | Slimified a lich
  1791 | D        | Noticed an azure jelly
  1791 | D        | a lich changed into an azure jelly
  1794 | D        | Killed an azure jelly
  1803 | D        | Killed a fire dragon
  1805 | D        | Noticed a brown very ugly thing
  1812 | D        | Killed a fire dragon
  1830 | D        | Killed a stone giant
  1840 | D        | Noticed a fire giant
  1848 | D        | Killed a brown very ugly thing
  1865 | D        | Noticed a white very ugly thing
  1874 | D        | Noticed a stone giant
  1880 | D        | Gained mutation: You resist negative energy. (rN+) [Deep
                  | Dwarf growth]
  1880 | D        | Reached XP level 14. HP: 72/151 MP: 14/14
  1917 | D        | Killed a fire giant
  1929 | D        | Killed a green very ugly thing
  1938 | D        | Noticed a frost giant
  1954 | D        | Killed a stone giant
  2003 | D        | Killed a frost giant
  2055 | D        | Noticed an ironbound preserver
  2062 | D        | Noticed an ironbound thunderhulk
  2067 | D        | Noticed an ironbound thunderhulk
  2070 | D        | Noticed a vault warden
  2075 | D        | Killed an ironbound preserver
  2082 | D        | Noticed an ironbound preserver
  2104 | D        | Killed an ironbound preserver
  2110 | D        | Killed a vault warden
  2123 | D        | Killed an ironbound thunderhulk
  2134 | D        | Killed an ironbound thunderhulk
  2288 | D        | Reached skill level 1 in Axes
  2289 | D        | Lost mutation: Your spells are a little harder to cast, but
                  | a little more powerful. [potion of mutation]
  2289 | D        | Lost mutation: You have a pair of large antennae on your
                  | head. (SInv) [potion of mutation]
  2289 | D        | Lost mutation: You have a pair of antennae on your head.
                  | [potion of mutation]
  2289 | D        | Gained mutation: You have a somewhat thin skeletal
                  | structure. (Dex +2, Stealth+) [potion of mutation]
  2340 | D        | Reached ****** piety under Jiyva
  2366 | D        | Noticed Jory
  2385 | D        | Killed Jory
  2424 | D        | Noticed a nagaraja
  2424 | D        | Noticed a nagaraja
  2425 | D        | Lost mutation: You have a pair of small antennae on your
                  | head. [Jiyva's grace]
  2425 | D        | Lost mutation: You have a small jelly attached to you that
                  | may absorb projectiles. [Jiyva's grace]
  2425 | D        | Gained mutation: Your flesh is heat resistant. (rF+)
                  | [Jiyva's grace]
  2425 | D        | Gained mutation: Your flesh is very heat resistant. (rF++)
                  | [Jiyva's grace]
  2425 | D        | Gained mutation: Your flesh is almost immune to the effects
                  | of heat. (rF+++) [Jiyva's grace]
  2425 | D        | Gained mutation: You are covered in slimy tendrils that may
                  | disarm your opponents. [Jiyva's grace]
  2425 | D        | Noticed a nagaraja
  2427 | D        | Killed a nagaraja
  2440 | D        | Killed a nagaraja
  2441 | D        | Reached skill level 5 in Axes
  2441 | D        | Noticed a nagaraja
  2447 | D        | Noticed a nagaraja
  2448 | D        | Killed a nagaraja
  2459 | D        | HP: 2/156 [nagaraja/+2 vorpal flail (32)]
  2459 | D        | Mangled by a nagaraja

Illustrated notes

Levels and vault maps discovered:
D:        linesprint [early_d, line_temple, items_1, d_10, items_2, lair_1,
          lair_end, items_3, orc_1, orc_end, items_4, d_15, swamp_1, shoals_1,
          snake_1, spider_1, d_20, vaults_1, items_5, swamp_end, shoals_end,
          snake_end, spider_end, vaults_end, d_27, items_6, zot_1, zot_end,
          crypt_end, forest_end, elf_end, slime_end, tomb_end, abyss_end,
          pan_hell_end]

Skill      XL: |  1  2  3  4  5  6  7  8  9 10 11 12 13 14 |
---------------+-------------------------------------------+-----
Dodging        | 2 3 4 6 7 9 10 11 13 15 17 19 20 | 20.8
Fighting       | 3 4 5 7 8 9 10 11 13 14 16 18 | 18.0
Maces & Flails | 3 4 5 6 8 10 12 13 15 16 17 19 20 21 | 21.7
Armour         | 4 5 6 7 8 10 12 13 15 17 19 21 | 21.1
Evocations     | 4 10 14 17 20 | 20.2
Axes           | 6 |  6.4
Shields        | |  3.2

Action                   |  1- 3 |  4- 6 |  7- 9 | 10-12 | 13-15 || total
-------------------------+-------+-------+-------+-------+-------++-------
Melee: Flail             |    32 |     7 |       |       |       ||    39
       Dire flail        |       |    24 |    81 |   448 |   417 ||   970
       Pseudopods        |       |       |       |    51 |   151 ||   202
       Executioner's axe |       |       |       |       |    53 ||    53
Invok: Slimify           |       |       |       |       |     1 ||     1
 Abil: Heal Wounds       |       |     1 |       |     4 |    15 ||    20
Evoke: Wand              |       |       |     1 |       |     7 ||     8
  Use: Potion            |     1 |     1 |       |       |     8 ||    10
       Scroll            |       |       |       |     2 |     5 ||     7
 Stab: Invisible         |       |     1 |     2 |       |       ||     3
       Paralysed         |       |       |       |       |     2 ||     2
Armor: Scale mail        |    12 |     2 |       |       |       ||    14
       Chain mail        |       |    23 |    31 |    59 |       ||   113
       Plate armour      |       |       |       |    65 |   223 ||   288
Dodge: Dodged            |    16 |    12 |    38 |   131 |   223 ||   420
Block: Buckler           |     7 |       |       |       |       ||     7

Table legend: (Time is in decaauts)
 A = Elapsed time spent in this place.
 B = Non-inter-level travel time spent in this place.
 C = Inter-level travel time spent in this place.
 D = Time resting spent in this place.
 E = Time spent auto-exploring this place.
 F = Levels seen in this place.
 G = Mean time per level.
                   A        B        C        D        E       F      G
               +--------+--------+--------+--------+--------+-----+--------+
         Total |   2096 |   2096 |      0 |      0 |      0 |   1 | 2096.0 |
       Dungeon |   2096 |   2096 |      0 |      0 |      0 |   1 | 2096.0 |
               +--------+--------+--------+--------+--------+-----+--------+

Top non-repeatable levels by time:
       D: 2096 daAuts
